 Dungeon Crawl Stone Soup version 0.29.1-1-gd02db6906a (webtiles) character file.

Game seed: 2000310618409253690

107 AarnesTheHuman the Chopper (level 4, -2/39 HPs)
             Began as a Hill Orc Monk on Oct 4, 2022.
             Slain by a wraith (4 damage)
             ... on level 4 of the Dungeon.
             The game lasted 00:09:42 (3295 turns).

AarnesTheHuman the Chopper (Hill Orc Monk)          Turns: 3295, Time: 00:09:42

Health: -2/39      AC: 11    Str: 15    XL:     4   Next: 85%
Magic:  4/4        EV:  6    Int: 10    God:
Gold:   163        SH:  0    Dex: 13    Spells: 3/3 levels left

rFire   . . .      SeeInvis .   a - +0 hand axe
rCold   . . .      Faith    .   (no shield)
rNeg    . . .      Spirit   .   f - +0 chain mail
rPois   .          Reflect  .   (no helmet)
rElec   .          Harm     .   (no cloak)
rCorr   .          Rampage  .   (no gloves)
Will    .....                   e - +2 pair of boots
Stlth   ..........              (no amulet)
HPRegen 0.13/turn               (no ring)
MPRegen 0.09/turn               (no ring)

@: attractive, hasted and slowed, invisible
A: no striking features
a: no special abilities


You were on level 4 of the Dungeon.
You visited 1 branch of the dungeon, and saw 4 of its levels.
You also visited: Ossuary.

You collected 163 gold pieces.

Inventory:

Hand Weapons
 a - a +0 hand axe (weapon)
 o - a +0 war axe
Missiles
 h - 25 stones (quivered)
 n - 5 poisoned darts
Armour
 b - a +0 robe
 e - a +2 pair of boots (worn)
 f - a +0 chain mail (worn)
Magical Staves
 i - a staff of cold
Jewellery
 g - an amulet of the acrobat
Scrolls
 d - a scroll of poison
 k - 3 scrolls of identify
Potions
 c - a potion of ambrosia
 q - a potion of invisibility


   Skills:
 - Level 3.6 Fighting
 + Level 7.1 Axes
 - Level 2.4 Dodging
 - Level 1.5 Stealth


You had 3 spell levels left.
You didn't know any spells.
Your spell library contained the following spells:

 Spells                   Type           Power      Damage    Failure   Level
 Apportation              Tloc           0%         N/A       100%        1
 Ensorcelled Hibernation  Hex/Ice        0%         N/A       100%        2
 Spider Form              Tmut/Pois      0%         N/A       100%        3
 Anguish                  Hex/Necr       0%         N/A       100%        4
 Alistair's Intoxication  Tmut/Pois      0%         N/A       100%        5


Dungeon Overview and Level Annotations

Branches:
Dungeon (4/15)            Ossuary (visited)
 Temple: D:4-7

Altars:
Okawaru

Annotations:
D:2 exclusion: downstairs
D:3 1 runed translucent door, Terence; dvd2's ghost, amateur DECj
D:4 2 transporters, heartgrenade's ghost, amateur GrBe


Message History

The wraith hits you.
You hit the wraith but do no damage.
The wraith is lightly damaged.
The wraith hits you.
* * * LOW HITPOINT WARNING * * *
The wraith drains your vigour!
You feel as though you will be slow longer.
You closely miss the wraith.
The wraith is lightly damaged.
You barely miss the wraith.
The wraith is lightly damaged.
The wraith hits you.
* * * LOW HITPOINT WARNING * * *
The wraith drains your vigour!
You feel as though you will be slow longer.
You hit the wraith but do no damage.
The wraith is lightly damaged.
The wraith hits you.
* * * LOW HITPOINT WARNING * * *
Okay, then.
Unknown command.
You hit the wraith but do no damage.
The wraith is lightly damaged.
Your extra speed is starting to run out.
The wraith hits you but does no damage.
You hit the wraith but do no damage.
The wraith is lightly damaged.
The wraith hits you.
* * * LOW HITPOINT WARNING * * *
Really read the scroll of poison?
You can't even see any enemies this would affect.
The air fills with toxic fumes!
As you read the scroll of poison, it crumbles to dust.
The wraith barely misses you.
You closely miss the wraith.
The wraith is lightly damaged.
The wraith barely misses you.
You closely miss the wraith.
The wraith is lightly damaged.
The wraith hits you.
You die...

####### ##§§§§§## #8§§@§§8# #..#
######## ##§§§W§## #..# .......##
###§### #..# ..)<....# #§# #..#
..).....# ######§########..#
...........$...§§§.........######
.######........§§§...............
.##### #......§§§........#......
.....#####.#########.....#.......


You could see a wraith.

Vanquished Creatures
  4 adders
  A dart slug (D:2)
  5 orcs
  5 bats
  6 endoplasms
  3 giant cockroaches
  3 goblins
  7 hobgoblins
  4 quokkas
  6 ball pythons
  A frilled lizard (D:2)
  A hobgoblin zombie (Ossuary)
  6 kobolds
  3 kobold zombies (Ossuary)
  4 rats (D:1)
59 creatures vanquished.

Vanquished Creatures (others)
  4 toadstools (D:1)
4 creatures vanquished.

Grand Total: 63 creatures vanquished

Notes
Turn   | Place    | Note
-------+----------+-------------------------------------------
     0 | D:1      | AarnesTheHuman the Hill Orc Monk began the quest for the
                  | Orb.
     0 | D:1      | Reached XP level 1. HP: 19/19 MP: 1/1
   258 | D:1      | Reached XP level 2. HP: 26/26 MP: 2/2
   660 | D:1      | Reached skill level 5 in Axes
  1068 | D:2      | Found an iron altar of Okawaru.
  1099 | D:2      | Reached XP level 3. HP: 21/31 MP: 3/3
  1200 | D:2      | Found a faded altar of an unknown god.
  1630 | D:2      | Reached skill level 6 in Axes
  1792 | D:3      | Found a runed translucent door.
  1810 | D:3      | Noticed dvd2's ghost (amateur DECj)
  1917 | D:3      | Noticed Terence
  2119 | D:3      | Reached XP level 4. HP: 25/39 MP: 4/4
  2730 | D:4      | Noticed heartgrenade's ghost (amateur GrBe)
  2742 | D:4      | Found a transporter.
  2757 | D:4      | Reached skill level 7 in Axes
  2760 | D:4      | Noticed a black bear
  2794 | D:4      | Found a transporter.
  2873 | D:4      | Found a sand-covered staircase.
  2880 | Ossuary  | Entered an ossuary
  2880 | Ossuary  | Noticed a wraith
  2880 | Ossuary  | Noticed a wraith
  2880 | Ossuary  | Noticed a wraith
  3248 | Ossuary  | Noticed a wraith
  3295 | D:4      | Slain by a wraith

Illustrated notes

Levels and vault maps discovered:
D:1:      ldierk_water_garden, layout_basic, amcnicky_mini_rare_corridor_liquid
D:2:      layout_loops_ring, basic_altar, ebering_ecumenical_altar_webs
D:3:      layout_basic, ebering_ghost_sewer_f, uniq_terence
D:4:      layout_rooms, chequers_ossuary_entry_cave, gammafunk_ghost_stat_death,
          nicolae_kite_square_tiling_tiny

Skill      XL: |  1  2  3  4 |
---------------+-------------+-----
Axes           | 5 6 7 |  7.1
Fighting       | |  3.6
Dodging        | |  2.4
Stealth        | |  1.5

Action                   |  1- 3 |  4- 6 || total
-------------------------+-------+-------++-------
Melee: Hand axe          |   124 |   109 ||   233
       War axe           |       |     9 ||     9
Throw: Stone             |     1 |    16 ||    17
  Use: Scroll            |       |     6 ||     6
       Potion            |       |     6 ||     6
 Stab: Sleeping          |     6 |       ||     6
Armor: Robe              |    34 |     9 ||    43
       Chain mail        |       |    44 ||    44
Dodge: Dodged            |    77 |    46 ||   123
